 Dungeon Crawl Stone Soup version 0.31-a0-4-gefa6de2278 (webtiles) character file.

Game seed: 4229834691029621379

576 Harunobu the Shield-Bearer (level 7, -1/44 HPs)
             Began as a Gargoyle Fighter on May 4, 2023.
             Shot with an arrow by a centaur (6 damage)
             ... on level 6 of the Dungeon.
             The game lasted 00:10:13 (5784 turns).

Harunobu the Shield-Bearer (Gargoyle Fighter)       Turns: 5784, Time: 00:10:14

Health: -1/44      AC: 10    Str: 26    XL:     7   Next: 35%
Magic:  7/7        EV: 10    Int:  5    God:
Gold:   277        SH:  4    Dex:  9    Spells: 6/6 levels left

rFire   . . .        i - +4 dagger (holy)
rCold   . . .        c - +0 buckler
rNeg    + . .        a - +2 leather armour of the Dungeon {Rampage rPois Str+5 Int-4}
rPois   ∞            (no helmet)
rElec   +            (no cloak)
rCorr   .            (no gloves)
SInv    .            (no boots)
Will    .....        (no amulet)
Stlth   +            (no ring)
HPRegen 0.27/turn    (no ring)
MPRegen 0.10/turn

%: rampage
@: no status effects
A: sickness immunity, AC +4, negative energy resistance 1, electricity
resistance, torment resistance 1, petrification resistance
a: no special abilities


You were on level 6 of the Dungeon.
You visited 1 branch of the dungeon, and saw 6 of its levels.

You collected 400 gold pieces.
You spent 123 gold pieces at shops.

Inventory:

Hand Weapons
 e - a +0 whip
 i - a +4 dagger of holy wrath (weapon)
 s - a +2 mace of protection
Missiles
 h - a throwing net (quivered)
Armour
 a - the +2 leather armour of the Dungeon (worn) {Rampage rPois Str+5 Int-4}
   (You found it on level 2 of the Dungeon)

   Str:       It affects your strength (+5).
   Int:       It affects your intelligence (-4).
   rPois:     It protects you from poison.
   Rampage:   It bestows one free step when moving towards enemies.
 b - a +0 scale mail
 c - a +0 buckler (worn)
Wands
 H - a wand of paralysis (6)
Scrolls
 j - a scroll of blinking {unknown}
 k - 2 scrolls of noise {unknown}
 l - a scroll of amnesia {unknown}
 m - a scroll of immolation {unknown}
 n - a scroll of silence {unknown}
 o - a scroll of fear {unknown}
 p - 2 scrolls of torment {unknown}
 t - 3 scrolls of identify
 u - 3 scrolls of magic mapping {unknown}
 w - a scroll of acquirement {unknown}
 x - a scroll of enchant weapon
 y - 2 scrolls of vulnerability {unknown}
 B - a scroll of brand weapon {unknown}
 C - 2 scrolls of poison {unknown}
 E - a scroll of enchant armour {unknown}
 G - a scroll of teleportation {unknown}
Potions
 d - a potion of might
 f - 4 potions of heal wounds {unknown}
 g - 3 potions of haste
 q - a potion of curing
 r - 3 potions of degeneration {unknown}
 v - 2 potions of magic {unknown}
 z - a potion of mutation {unknown}
 A - a potion of attraction {unknown}
 D - a potion of lignification {unknown}
 F - a potion of brilliance {unknown}


   Skills:
 + Level 5.3 Fighting
 + Level 4.2 Maces & Flails
 + Level 5.2 Armour
 + Level 5.3 Shields


You had 6 spell levels left.
You didn't know any spells.
Your spell library contained the following spells:

 Spells                   Type           Power      Damage    Failure   Level
 Magic Dart               Conj           0%         1d3       56%         1
 Call Imp                 Summ           0%         N/A       71%         2
 Mephitic Cloud           Conj/Pois/Air  0%         N/A       91%         3
 Anguish                  Hex/Necr       0%         N/A       100%        4
 Enfeeble                 Hex            0%         N/A       100%        7


Dungeon Overview and Level Annotations

Branches:
Dungeon (6/15)
 Temple: D:4-7

Altars:
Kikubaaqudgha
Trog

Shops:
D:3 [:(??


Innate Abilities, Weirdness & Mutations

You are immune to sickness and miasma.
Your stone body is resilient. (AC +4)
You are immune to poison.
You resist negative energy. (rN+)
You are resistant to electric shocks. (rElec)
You are resistant to unholy torment.
You are immune to petrification.


Message History

The howler monkey completely misses you.
The howler monkey hoots and howls with incredible vigour!
You hear a bark!
You hear a shout!
The white imp attacks as you move away!
The white imp hits you but does no damage.
The white imp grins evilly.
The white imp gestures at you. The puff of frost hits you.
The howler monkey hoots and howls with incredible vigour!
You hear a bark!
You hear a shout!
You hear a bark!
The white imp disappears for a moment.
The centaur wields a +0 shortbow.
The centaur shoots an arrow.
The arrow barely misses you.
The centaur shoots an arrow.
The arrow hits you. The white imp gestures at you. The puff of frost hits you!
An orc comes into view. It is wielding a +0 dagger.
You rampage towards the white imp!
The water moccasin bites you but does no damage.
You block the white imp's attack.
You hit the white imp.
The white imp convulses.
The white imp is lightly wounded.
The water moccasin bites you! The water moccasin barely misses you.
The white imp hits you but does no damage.
The water moccasin attacks as you move away!
The water moccasin bites you!
The water moccasin attacks as you move away!
The water moccasin bites you. The water moccasin misses you.
The howler monkey hoots and howls with incredible vigour!
You hear a shout! x2; You hear an angry hiss.
The white imp lashes its tail.
The white imp gestures at you. The puff of frost hits you.
The centaur shoots an arrow.
The arrow hits you!
* * * LOW HITPOINT WARNING * * *
The centaur shoots an arrow.
The arrow hits you.
* * * LOW HITPOINT WARNING * * *
The water moccasin bites you but does no damage.
The centaur shoots an arrow.
The arrow hits you.
You die...

.# .# .# #.# ..##
#####...###.
##........... ..
##..@.<......#
...####...#####...##
#.......S####....#
###.............
###c..........
#5########## ##o#
#.h# #..#


You could see a water moccasin, a centaur, a howler monkey, a white imp and an
orc.

Vanquished Creatures
  A phantom (D:5)
  2 scorpions
  3 hounds (D:5)
  A jelly (D:5)
  2 iguanas (D:5)
  An orc wizard (D:5)
  4 gnolls
  5 adders
  A white imp (D:5)
  5 worms
  4 dart slugs
  2 orcs (D:5)
  10 ball pythons
  6 endoplasms
  5 giant cockroaches
  2 goblins (D:1)
  7 hobgoblins
  3 jackals (D:1)
  2 quokkas (D:3)
  4 bats
  6 frilled lizards
  9 kobolds
  4 rats
89 creatures vanquished.

Notes
Turn   | Place    | Note
-------+----------+-------------------------------------------
     0 | D:1      | Harunobu the Gargoyle Fighter began the quest for the Orb.
     0 | D:1      | Reached XP level 1. HP: 14/14 MP: 1/1
   365 | D:1      | Reached XP level 2. HP: 19/19 MP: 2/2
   858 | D:1      | Reached XP level 3. HP: 23/23 MP: 3/3
  1238 | D:2      | Identified the +2 leather armour of the Dungeon {Rampage
                  | rPois Str+5 Int-4}
  1513 | D:3      | HP: 1/24 [gnoll/+0 club (3)]
  1637 | D:3      | Reached XP level 4. HP: 29/29 MP: 4/4
  1846 | D:3      | Found Akaaloed's Magic Scroll Emporium.
  1866 | D:3      | Found Zeroc's Antique Weapon Shoppe.
  1871 | D:3      | Noticed an ogre
  2247 | D:2      | Reached XP level 5. HP: 31/33 MP: 5/5
  3349 | D:3      | Found Agoc's Magic Scroll Shop.
  3358 | D:3      | Bought a scroll of identify for 26 gold pieces
  3358 | D:3      | Bought a scroll of enchant weapon for 97 gold pieces
  3467 | D:3      | Found Luac Peo's Book Emporium.
  3609 | D:3      | Found Wefubb's Armour Emporium.
  4022 | D:4      | Found a bloodstained altar of Trog.
  4311 | D:4      | Reached XP level 6. HP: 10/39 MP: 6/6
  4610 | D:5      | Entered Level 5 of the Dungeon
  4895 | D:5      | Found an ancient bone altar of Kikubaaqudgha.
  5117 | D:5      | Reached skill level 5 in Fighting
  5117 | D:5      | Reached skill level 5 in Shields
  5174 | D:5      | Reached skill level 5 in Armour
  5186 | D:5      | Reached XP level 7. HP: 35/44 MP: 7/7
  5784 | D:6      | Shot with an arrow by a centaur

Illustrated notes

Levels and vault maps discovered:
D:1:      dpeg_arrival_chambers_temple_mockup, layout_loops_ring, serial_forest,
          infiniplex_forest_clump_diagonal, infiniplex_forest_lined_2,
          infiniplex_forest_end_1, infiniplex_forest_clump_diagonal,
          infiniplex_forest_lined_3, st_stairs_2, minmay_misc_feat_encased,
          chequers_serial_rivers_micro_e
D:2:      layout_basic, wander_ebering_terrifying_dragon_lair
D:3:      layout_rooms, serial_shops, nicolae_shop_rolling_square,
          nicolae_shop_tiny_real_fake_doors, shop, shop, shop, minivault_19,
          kennysheep_potato
D:4:      layout_basic, trog_three_pillars_becter, kennysheep_nondescript
D:5:      layout_loops_cross, mainiacjoe_overflow_paths,
          hangedman_decor_opposing, small_statue_intersection
D:6:      layout_layer_cave, kennysheep_slug_shrine, serial_shops, shop,
          dk_noncrumbling_2

Skill      XL: |  1  2  3  4  5  6 |
---------------+-------------------+-----
Fighting       | 4 5 |  5.3
Armour         | 4 5 |  5.2
Shields        | 4 5 |  5.3
Maces & Flails | 3 4 |  4.2

Action                     |  1- 3 |  4- 6 |  7- 9 || total
---------------------------+-------+-------+-------++-------
  Melee: Whip              |    59 |       |       ||    59
         Dagger            |    68 |   343 |    64 ||   475
    Use: Potion            |     1 |     1 |       ||     2
 Armour: Scale mail        |    40 |       |       ||    40
         Leather armour    |     7 |   150 |    39 ||   196
  Dodge: Dodged            |    61 |   150 |    27 ||   238
  Block: Buckler           |    25 |    70 |    10 ||   105

Table legend: (Time is in decaauts)
 A = Elapsed time spent in this place.
 B = Non-inter-level travel time spent in this place.
 C = Inter-level travel time spent in this place.
 D = Time resting spent in this place.
 E = Time spent auto-exploring this place.
 F = Levels seen in this place.
 G = Mean time per level.
                   A        B        C        D        E       F      G
               +--------+--------+--------+--------+--------+-----+--------+
         Total |   5755 |   5494 |    261 |   1656 |   2505 |   6 |  959.2 |
       Dungeon |   5755 |   5494 |    261 |   1656 |   2505 |   6 |  959.2 |
               +--------+--------+--------+--------+--------+-----+--------+

Top non-repeatable levels by time:
     D:2: 1669 daAuts
     D:1: 1287 daAuts
     D:5: 1114 daAuts
     D:4: 847 daAuts
     D:3: 773 daAuts
     D:6: 63 daAuts
